 Dungeon Crawl Stone Soup version 0.20-a0-700-gbd4582c (webtiles) character file.

1162 RKaid the Cleaver (level 8, -9/74 HPs)
             Began as a Hill Orc Berserker on Feb 20, 2017.
             Was a Priest of Trog.
             Mangled by a cyan ugly thing (16 damage)
             ... on level 6 of the Dungeon.
             The game lasted 00:10:26 (6107 turns).

RKaid the Cleaver (Hill Orc Berserker)              Turns: 6107, Time: 00:10:26

Health: -9/74      AC: 10    Str: 21    XL:     8   Next: 39%
Magic:  8/8        EV:  8    Int:  7    God:    Trog [***...]
Gold:   315        SH:  0    Dex: 11    Spells: 7/7 levels left

rFire    . . .     SeeInvis .   b - +0 war axe
rCold    . . .     Gourm    .   q - +0 chain mail
rNeg     . . .     Faith    .   (no shield)
rPois    +         Spirit   .   (no helmet)
rElec    .         Reflect  .   k - +0 cloak {rPois}
rCorr    +         Harm     .   (no gloves)
MR       ++...                  G - +0 pair of boots (curse)
Stlth    ..........             (no amulet)
Regen    1.3/turn               e - ring of stealth {Stlth+}
MPRegen  0.2/turn               c - ring of resist corrosion

@: regenerating
A: no striking features
a: Berserk, Trog's Hand, Burn Spellbooks, Renounce Religion


You were on level 6 of the Dungeon.
You worshipped Trog.
Trog was most pleased with you.
You were not hungry.

You visited 2 branches of the dungeon, and saw 7 of its levels.

You collected 354 gold pieces.
You spent 39 gold pieces at shops.

Inventory:

Hand Weapons
 a - a +0 hand axe
 b - a +0 war axe (weapon)
   (You found it on level 3 of the Dungeon)
 n - the +5 rapier of Desperation {freeze, rC++ MR+ Dex+3, unknown}
   (You found it on level 5 of the Dungeon)

   It has been specially enchanted to freeze those struck by it, causing extra
   injury to most foes and up to half again as much damage against particularly
   susceptible opponents.
   It can also slow down cold-blooded creatures.
   It affects your dexterity (+3).
   It greatly protects you from cold.
   It affects your resistance to hostile enchantments.
 x - the +7 dagger of Watchfulness {elec, *Corrode rElec Str+10, unknown}
   (You found it on level 4 of the Dungeon)

   Occasionally, upon striking a foe, it will discharge some electrical energy
   and cause terrible harm.
   It affects your strength (+10).
   It insulates you from electricity.
   It may corrode you when you take damage.
 J - the +10 long sword "Naam" {slice, rPois, unknown}
   (You found it on level 6 of the Dungeon)

   It inflicts extra damage upon your enemies.
   It protects you from poison.
Missiles
 g - 3 curare-tipped needles
 j - 7 tomahawks (quivered)
Armour
 k - a +0 cloak of poison resistance (worn)
   (You took it off Crazy Yiuf on level 2 of the Dungeon)
 q - a +0 chain mail (worn)
   (You took it off Ijyb on level 2 of the Dungeon)
 y - a +0 pair of gloves
   (You found it on level 6 of the Dungeon)
 G - a cursed +0 pair of boots (worn)
   (You found it on level 6 of the Dungeon)
Jewellery
 c - a ring of resist corrosion (left hand)
   (You found it on level 4 of the Dungeon)
 e - a ring of stealth (right hand) {Stlth+}
   (You found it on level 3 of the Dungeon)
 f - an uncursed ring of flight {+Fly}
   (You found it on level 1 of the Dungeon)
 I - an uncursed ring of ice {rC+, rF-}
   (You found it on level 6 of the Dungeon)
Wands
 F - a wand of flame (26/48)
   (You found it on level 6 of the Dungeon)
Scrolls
 d - 2 scrolls of magic mapping {unknown}
 h - 3 scrolls of teleportation {unknown}
 i - a scroll of identify
 r - a scroll of fear {unknown}
 s - a scroll of noise {unknown}
 v - 2 scrolls of remove curse
 w - a scroll of fog
 E - a scroll of immolation {unknown}
 H - a scroll of random uselessness {unknown}
Potions
 m - 2 potions of magic
 o - 2 potions of haste {unknown}
 p - 2 potions of curing
 t - a potion of invisibility
 z - a potion of degeneration {unknown}
 B - a potion of resistance {unknown}
 D - a potion of agility {unknown}
Comestibles
 l - 2 meat rations
 u - 4 royal jellies
 A - 3 bread rations


   Skills:
 + Level 7.6 Fighting
 * Level 11.0 Axes
 - Level 2.1 Armour
 - Level 1.5 Dodging


You had 7 spell levels left.
You didn't know any spells.

Dungeon Overview and Level Annotations

Branches:
Dungeon (6/15)             Temple (1/1) D:5

Altars:
Ashenzari
Cheibriados
Dithmenos
Elyvilon
Fedhas
Gozag
Hepliaklqana Ieoh Jian
Kikubaaqudgha
Makhleb
Nemelex Xobeh
Okawaru
Qazlal
Ru
Sif Muna
Trog
Uskayaw
Vehumet
Xom
Zin
The Shining One

Shops:
D:4 !


Message History

You feel a bit more experienced.
You closely miss the leopard gecko. The leopard gecko barely misses you.
The leopard gecko bites you but does no damage.
Your chain mail prevents you from hitting the leopard gecko.
The leopard gecko bites you but does no damage.
You slash the leopard gecko!
You kill the leopard gecko!
Trog accepts your kill.
You now have 305 gold pieces (gained 16).
You start resting.
Some of the chunks of flesh in your inventory have rotted away.
Eating a chunk of flesh.
You eat the chunk of flesh.
This raw flesh tastes terrible.
You now have 315 gold pieces (gained 10).
y - a pair of gloves You open the door.
A necrophage comes into view.
A ball python, 2 orcs, an orc wizard and an ogre come into view.
The ball python hisses angrily.
The orc shouts! x2; The orc wizard shouts!
The ogre shouts!
You hear a horrible gurgling sound!
The necrophage misses you.
A leopard gecko comes into view.
There is an open door here.
You barely miss the necrophage. You barely miss the orc.
The leopard gecko hisses angrily.
The necrophage hits you.
You slash the necrophage! You hit the orc.
The necrophage hits you but does no damage.
The orc hits you but does no damage.
A hound zombie comes into view.
You hit the orc.
You kill the orc!
Trog accepts your kill.
You hit the necrophage but do no damage.
You closely miss the orc.
The hound zombie moves out of view.
The necrophage hits you.
A phantom comes into view.
You closely miss the necrophage. You closely miss the orc wizard.
The necrophage hits you.
A cyan ugly thing comes into view.
You closely miss the ball python. The ball python bites you.
The ball python grabs you. The ball python constricts you.
The ball python bites you but does no damage.
The ball python constricts you.
You closely miss the ball python. The ball python barely misses you.
The ball python constricts you.
You hit the ball python.
You kill the ball python!
Trog accepts your kill.
You completely miss the necrophage. The necrophage hits you.
You barely miss the necrophage.
The necrophage hits you but does no damage.
The orc wizard gestures wildly while chanting.
The orc wizard flickers and vanishes!
Deactivating autopickup; reactivate with Ctrl-A.
You barely miss the necrophage.
The necrophage hits you but does no damage.
You completely miss the necrophage. The necrophage barely misses you.
You hit the necrophage but do no damage.
The necrophage hits you but does no damage.
You slash the necrophage!
The necrophage hits you but does no damage.
An orc warrior comes into view. It is wielding a war axe.
You closely miss the necrophage.
The orc warrior shouts!
The phantom blinks!
An ogre comes into view. It is wielding a giant spiked club.
The ogre shouts!
You slash the cyan ugly thing!
An orc comes into view. It is wielding a hand axe.
The orc shouts!
You slash the cyan ugly thing!
The cyan ugly thing completely misses you.
You closely miss the cyan ugly thing. The cyan ugly thing kicks you.
The cyan ugly thing shocks you!
An orc priest comes into view. It is wielding a club.
You are too injured to fight recklessly!
You are too injured to fight recklessly!
You are too injured to fight recklessly!
You are too injured to fight recklessly!
You are too injured to fight recklessly!
Your chain mail prevents you from hitting the cyan ugly thing.
The orc priest threatens, "By the altar or by the axe, you will meet Beogh!" (press Y on the ability menu to convert to Beogh)
The orc priest shouts!
The cyan ugly thing closely misses you.
The phantom blinks!
An orc comes into view. It is wielding a dagger.
The phantom blinks!
The cyan ugly thing barely misses you.
You barely miss the cyan ugly thing. The cyan ugly thing kicks you.
The cyan ugly thing shocks you!
You barely miss the cyan ugly thing. The cyan ugly thing kicks you!
The cyan ugly thing shocks you!
* * * LOW HITPOINT WARNING * * *
Your skin crawls.
You feel resistant to hostile enchantments.
You feel somewhat more hungry. The cyan ugly thing kicks you.
* * * LOW HITPOINT WARNING * * *
The cyan ugly thing shocks you!
You die...

#####............
#........##.....#
#.####..##.......
#.# #...#.#######
#.###.....#
##.........#
###...##.....#
#ou.#.########
#.#@###..( ###
#.###..... ...
#o# ...... #.#
#n##.... #.#
#.#o..# ##.#
#.#{.:# #...
#Z†)# +...
#.#.l$# #...
#.#.ZO# #..#


You could see a cyan ugly thing and an orc.

Vanquished Creatures
  A sky beast (D:6)
  3 phantoms
  An ogre (D:4)
  A centaur (D:5)
  A big kobold (D:4)
  2 bullfrogs
  The ghost of lupus83 the Insei, a weakling MfTm (D:3)
  A crimson imp (D:6)
  2 hounds
  Crazy Yiuf (D:2)
  Terence (D:2)
  Ijyb (D:2)
  An orc wizard (D:3)
  A worker ant (D:5)
  A gnoll (D:1)
  8 adders
  3 oozes
  3 worms
  2 dart slugs (D:1)
  3 leopard geckos
  6 orcs
  4 giant cockroaches
  7 goblins
  4 hobgoblins
  6 jackals
  4 quokkas
  2 ball pythons
  5 bats
  4 frilled lizards
  27 kobolds
  4 rats
  3 fungi (D:2)
  2 plants (D:4)
116 creatures vanquished.

Notes
Turn   | Place    | Note
-------+----------+-------------------------------------------
     0 | D:1      | RKaid the Hill Orc Berserker began the quest for the Orb.
     0 | D:1      | Reached XP level 1. HP: 19/19 MP: 1/1
    21 | D:1      | HP: 4/19 [gnoll/spear (8)]
    80 | D:1      | Reached XP level 2. HP: 11/27 MP: 2/2
   341 | D:1      | Reached skill level 4 in Fighting
   550 | D:1      | Reached skill level 5 in Axes
   575 | D:1      | Reached XP level 3. HP: 33/33 MP: 3/3
  1560 | D:2      | Reached ** piety under Trog
  1596 | D:2      | Noticed Ijyb
  1621 | D:2      | Killed Ijyb
  1621 | D:2      | Reached XP level 4. HP: 21/41 MP: 4/4
  1917 | D:2      | Reached skill level 6 in Axes
  1927 | D:2      | Noticed Terence
  2356 | D:2      | Noticed a phantom
  2406 | D:2      | HP: 14/61 [phantom (5)]
  2407 | D:2      | Killed a phantom
  2407 | D:2      | Reached skill level 5 in Fighting
  2407 | D:2      | Reached XP level 5. HP: 16/48 MP: 5/5
  2775 | D:2      | Found a runed door.
  2779 | D:2      | Noticed Crazy Yiuf
  2793 | D:2      | Killed Crazy Yiuf
  2793 | D:2      | Reached skill level 7 in Axes
  2886 | D:2      | Killed Terence
  2886 | D:2      | Reached XP level 6. HP: 37/56 MP: 6/6
  3031 | D:3      | Noticed lupus83's ghost (weakling MfTm)
  3045 | D:3      | Killed lupus83's ghost
  3136 | D:3      | Found a shattered altar of Ashenzari.
  3158 | D:3      | Found a glowing silver altar of Zin.
  3163 | D:3      | Found a white marble altar of Elyvilon.
  3196 | D:3      | Found a radiant altar of Vehumet.
  3341 | D:3      | Reached skill level 8 in Axes
  3358 | D:3      | Found a faded altar of an unknown god.
  3860 | D:4      | Reached XP level 7. HP: 61/62 MP: 7/7
  3879 | D:4      | Reached skill level 6 in Fighting
  3898 | D:4      | Got a translucent dagger
  3956 | D:4      | Found Waxty's Distillery.
  3968 | D:4      | Bought a potion of curing for 39 gold pieces
  4021 | D:4      | Found an iron altar of Okawaru.
  4234 | D:4      | Reached skill level 9 in Axes
  4456 | D:4      | Reached *** piety under Trog
  4874 | D:5      | Entered Level 5 of the Dungeon
  4887 | D:5      | Got a transparent rapier
  4968 | D:5      | Found a staircase to the Ecumenical Temple.
  4983 | Temple   | Entered the Ecumenical Temple
  5106 | D:5      | Reached skill level 7 in Fighting
  5106 | D:5      | Reached skill level 10 in Axes
  5413 | D:5      | Reached XP level 8. HP: 70/73 MP: 8/8
  5762 | D:6      | Got an ancient long sword
  5847 | D:6      | Reached skill level 11 in Axes
  6083 | D:6      | Noticed a cyan ugly thing
  6106 | D:6      | HP: 11/74 [cyan ugly thing (12)]
  6107 | D:6      | Mangled by a cyan ugly thing

Vault maps used:
D:1:      lightli_arrival_noodles
D:2:      uniq_terence, uniq_iyjb, uniq_crazy_yiuf_cottage
D:3:      grunt_temple_overflow_cloverleaf, chequers_ecumenical_altar_simple
D:4:      kennysheep_kobold_camp, first_bread, serial_shops, shop,
          okawaru_trees_1
D:5:      minmay_temple_entry_statues_pillars
D:6:      grunt_potential
Temple:   nicolae_temple_x_marks_the_god

Skill      XL: |  1  2  3  4  5  6  7  8 |
---------------+-------------------------+-----
Fighting       | 4 5 7 |  7.6
Axes           | 5 6 7 8 10 11 | 11.0
Armour         | |  2.1
Dodging        | |  1.5

Action                   |  1- 3 |  4- 6 |  7- 9 || total
-------------------------+-------+-------+-------++-------
Melee: Hand axe          |   102 |   132 |       ||   234
       War axe           |       |    48 |   173 ||   221
Throw: Tomahawk          |     1 |    25 |       ||    26
Invok: Berserk           |     2 |     2 |       ||     4
       Trog's Hand       |       |       |     1 ||     1
  Use: Scroll            |       |       |     4 ||     4
 Stab: Sleeping          |     1 |       |       ||     1
  Eat: Chunk             |     4 |     3 |     7 ||    14
       Bread ration      |       |     1 |       ||     1
       Royal jelly       |       |     1 |       ||     1
Armor: Robe              |    12 |       |       ||    12
       Animal skin       |     1 |       |       ||     1
       Chain mail        |       |    70 |    91 ||   161
Dodge: Dodged            |    60 |    50 |    61 ||   171

Vault maps used:
D:1:      lightli_arrival_noodles
D:2:      uniq_terence, uniq_iyjb, uniq_crazy_yiuf_cottage
D:3:      grunt_temple_overflow_cloverleaf, chequers_ecumenical_altar_simple
D:4:      kennysheep_kobold_camp, first_bread, serial_shops, shop,
          okawaru_trees_1
D:5:      minmay_temple_entry_statues_pillars
D:6:      grunt_potential
Temple:   nicolae_temple_x_marks_the_god

Table legend:
 A = Turns spent in this place as a percentage of turns spent in the entire game.
 B = Non-inter-level travel turns spent in this place as a percentage of non-inter-level travel turns spent in the entire game.
 C = Inter-level travel turns spent in this place as a percentage of turns spent in this place.
 D = Turns resting spent in this place as a percentage of non-inter-level travel turns spent in this place.
 E = Turns spent auto-exploring this place as a percentage of non-inter-level travel turns spent in this place.
 F = Non-inter-level travel turns spent in this place divided by the number of levels of this place that you've seen.
                   A       B       C       D       E      F
               +-------+-------+-------+-------+-------+----------------------
         Total | 100.0 | 100.0 |   0.6 |   2.6 |  10.7 | 195.4
       Dungeon |  98.8 |  98.8 |   0.6 |   2.7 |  10.3 | 225.3
        Temple |   1.2 |   1.2 |   0.0 |   0.0 |  43.8 |  16.0
               +-------+-------+-------+-------+-------+----------------------

Table legend:
 A = Kills in this place as a percentage of kills in entire the game.
 B = Kills by you in this place as a percentage of kills by you in the entire game.
 C = Kills by friends in this place as a percentage of kills by friends in the entire game.
 D = Other kills in this place as a percentage of other kills in the entire game.
 E = Experience gained in this place as a percentage of experience gained in the entire game.
 F = Experience gained in this place divided by the number of levels of this place that you have seen.
                   A       B       C       D       E      F
               +-------+-------+-------+-------+-------+----------------------
         Total | 100.0 | 100.0 |  -nan |  -nan | 100.0 | 237.1
       Dungeon | 100.0 | 100.0 |  -nan |  -nan | 100.0 | 276.7
               +-------+-------+-------+-------+-------+----------------------
